 Dungeon Crawl Stone Soup version 0.30.1-11-g7821555f0a (webtiles) character file.

Game seed: 12411904432090378967

47 SacredBeard the Trooper (level 3, -3/20 (33) HPs)
             Began as a Hill Orc Fighter on Nov 5, 2023.
             Slain by Terence
             ... wielding a +2 hand axe of draining
              (6 damage)
             ... on level 2 of the Dungeon.
             The game lasted 00:03:39 (971 turns).

SacredBeard the Trooper (Hill Orc Fighter)           Turns: 971, Time: 00:03:39

HP:   -3/20 (33)    AC:  9    Str: 20    XL:     3   Next: 70%
MP:   3/3           EV:  9    Int:  8    God:
Gold: 34            SH:  4    Dex: 10    Spells: 2/2 levels left

rFire   . . .        a - +0 war axe
rCold   . . .        c - +0 buckler
rNeg    . . .        b - +0 scale mail
rPois   .            (no helmet)
rElec   .            l - +0 cloak
rCorr   .            (no gloves)
SInv    .            k - +0 pair of boots {Fly}
Will    .....        (no amulet) Stlth
                     (no ring)
HPRegen 0.23/turn    (no ring)
MPRegen 0.08/turn

%: no passive effects
@: flying, very heavily drained
A: no striking features
a: no special abilities


You were on level 2 of the Dungeon.
You visited 1 branch of the dungeon, and saw 2 of its levels.

You collected 34 gold pieces.

Inventory:

Hand Weapons
 a - a +0 war axe (weapon)
Missiles
 m - a stone (quivered)
Armour
 b - a +0 scale mail (worn)
 c - a +0 buckler (worn)
 k - a +0 pair of boots of flying (worn)
 l - a +0 cloak (worn)
Scrolls
 f - a scroll of poison {unknown}
 g - a scroll of amnesia {unknown}
 i - 2 scrolls of identify {unknown}
 n - a scroll of noise {unknown}
Potions
 d - a potion of might
 e - 2 potions of mutation {unknown}
 h - a potion of curing {unknown}
 j - a potion of haste


   Skills:
 + Level 4.1 Fighting
 * Level 3.6 Axes
 + Level 0.0 Throwing
 + Level 3.6 Armour
 + Level 0.7 Dodging
 + Level 3.6 Shields
 + Level 0.0 Evocations


You had 2 spell levels left.
You didn't know any spells.
Your spell library contained the following spells:

 Spells                   Type           Power      Damage    Failure   Level
 Necrotise                Necr           0%         1d4       83%         1
 Vampiric Draining        Necr           0%         2d6       99%         3
 Agony                    Necr           0%         N/A       100%        5


Dungeon Overview and Level Annotations

Branches:
Dungeon (2/15) Zot: 10981

Altars:

Annotations:
D:2 Terence


Message History

Terence is lightly wounded.
Terence hits you with a +2 hand axe of draining.
You feel drained. You block Terence's attack.
You slash Terence!
Terence is heavily wounded.
Terence hits you but does no damage.
You feel drained.
Terence hits you with a +2 hand axe of draining.
You feel drained.
You closely miss Terence.
Terence is heavily wounded.
Terence hits you with a +2 hand axe of draining.
You feel drained.
Terence hits you with a +2 hand axe of draining.
You feel drained.
Okay, then.
You barely miss Terence.
Terence is heavily wounded.
Terence hits you with a +2 hand axe of draining.
You feel drained. Terence hits you but does no damage.
You feel drained.
You slash Terence!
Terence is severely wounded.
Terence hits you but does no damage.
You feel drained.
Terence hits you with a +2 hand axe of draining!
You feel drained.
You hit Terence but do no damage.
Terence is severely wounded.
Terence hits you but does no damage.
You feel drained. Terence completely misses you.
You closely miss Terence.
Terence is severely wounded.
Terence hits you with a +2 hand axe of draining!
* * * LOW HITPOINT WARNING * * *
You feel drained.
* * * LOW HITPOINT WARNING * * *
Terence looks scornfully at you. You block Terence's attack.
You barely miss Terence.
Terence is severely wounded.
Terence hits you with a +2 hand axe of draining.
You die...

.....##...# .....
.........<. .....####
###...†.... .......!.
.......).## ........###
####.....## ........#
###.........
#......##..........##
#...@.......#........
#...@................
###....................
................#...)...
...#....................
##.........##...........
.........†# ####.......
.........†.#### ##.....>
..............#######...
.......#####..#......##


You could see Terence (fast).

Vanquished Creatures
  An adder (D:2)
  A ball python (D:1)
  3 endoplasms (D:1)
  2 giant cockroaches (D:1)
  5 goblins
  2 hobgoblins
  5 jackals
  3 kobolds (D:1)
  3 quokkas
  2 bats (D:1)
  4 frilled lizards
  2 rats (D:2)
33 creatures vanquished.

Notes
Turn   | Place    | Note
-------+----------+-------------------------------------------
     0 | D:1      | SacredBeard the Hill Orc Fighter began the quest for the
                  | Orb.
     0 | D:1      | Reached XP level 1. HP: 19/19 MP: 1/1
   207 | D:1      | Reached XP level 2. HP: 19/27 MP: 2/2
   525 | D:1      | Reached skill level 4 in Fighting
   541 | D:1      | Reached XP level 3. HP: 28/33 MP: 3/3
   836 | D:2      | Identified the +6 sling of Earthquakes {antimagic, rC++
                  | Str+3}
   960 | D:2      | Noticed Terence
   971 | D:2      | Slain by Terence

Illustrated notes

Levels and vault maps discovered:
D:1:      minmay_arrival_diagonal_passages, layout_loops_ring
D:2:      layout_rooms, dreamdust_ecumenical_altar_statues, grunt_ministairs_2,
          uniq_robin, uniq_terence

Skill      XL: |  1  2 |
---------------+-------+-----
Axes           | 3 |  3.6
Fighting       | 4 |  4.1
Armour         | |  3.6
Dodging        | |  0.7
Shields        | |  3.6

Action                     || total
---------------------------++-------
  Melee: War axe           ||   127
  Throw: Stone             ||     3
 Armour: Scale mail        ||    72
  Dodge: Dodged            ||    61
  Block: Buckler           ||    38
